2803 views
Uploaded 2020-02-22 19:25:37
Game version 1.32 / 1.32.1
62:01 long 4on4 ladder game on (8)GoldRush
Saved by TALONSARIMBA
2803 views
Uploaded 2020-02-22 19:25:37
Game version 1.32 / 1.32.1
62:01 long 4on4 ladder game on (8)GoldRush


253 units @ 29.5k
/ 4.8k
144 buildings @ 27.6k
/ 13.1k


| Potion of Healing | 1 | 150 |
| Potion of Mana | 1 | 200 |
| Dust of Appearance | 1 | 75 |
| Scroll of Town Portal | 4 | 1400 |
| Scroll of Healing | 4 | 1000 |
| Boots of Speed | 1 | 250 |
| Staff of Teleportation | 1 | 150 |
| Potion of Invisibility | 1 | 100 |
| Scroll of Protection | 1 | 150 |
| total: | 15 | 3475g |
| Acolyte | 21 | 1575 | / | 0 |
| Ghoul | 8 | 960 | / | 0 |
| Crypt Fiend | 15 | 3225 | / | 600 |
| Obsidian Statue | 2 | 400 | / | 70 |
| Meat Wagon | 1 | 230 | / | 50 |
| Gargoyle | 8 | 1400 | / | 240 |
| Frost Wyrm | 3 | 1155 | / | 360 |
| Forest Troll Shadow Priest | 1 | 195 | / | 10 |
| Forest Troll Berserker | 1 | 245 | / | 30 |
| total: | 60 | 9385g | / | 1360w |
| Nerubian Tower | 3 | 300 | / | 60 |
| Ziggurat | 11 | 1650 | / | 550 |
| Altar of Darkness | 1 | 180 | / | 50 |
| Crypt | 1 | 200 | / | 50 |
| Graveyard | 1 | 215 | / | 0 |
| Tomb of Relics | 2 | 260 | / | 60 |
| Necropolis | 5 | 1125 | / | 0 |
| Slaughterhouse | 1 | 140 | / | 135 |
| Sacrificial Pit | 1 | 75 | / | 150 |
| Boneyard | 6 | 1050 | / | 1200 |
| Halls of the Dead | 2 | 640 | / | 420 |
| Black Citadel | 3 | 975 | / | 690 |
| Moon Well | 2 | 360 | / | 80 |
| total: | 31 | 5255g | / | 2275w |
| 0:05 | Acolyte |
| 0:05 | Acolyte |
| 0:12 | Ziggurat |
| 0:15 | Altar of Darkness |
| 0:39 | Crypt |
| 0:59 | Graveyard |
| 1:28 | Ziggurat |
| 1:34 | Tomb of Relics |
| 1:42 | Ghoul |
| 2:06 | Ghoul |
| 2:14 | Ghoul |
| 2:24 | Frost Nova |
| 2:27 | Ghoul |
| 2:36 | Ghoul |
| 2:44 | Ghoul |
| 2:49 | Dust of Appearance |
| 3:15 | Ziggurat |
| 3:19 | Ghoul |
| 3:37 | Cannibalize |
| 4:00 | Frost Armor |
| 4:05 | Acolyte |
| 4:50 | Halls of the Dead |
| 4:57 | Crypt Fiend |
| 5:26 | Necropolis |
| 5:30 | Crypt Fiend |
| 5:47 | Forest Troll Shadow Priest |
| 6:02 | Frost Nova |
| 6:36 | Forest Troll Berserker |
| 6:48 | Ziggurat |
| 7:11 | Ziggurat |
| 7:13 | Ziggurat |
| 7:16 | Tomb of Relics |
| 7:18 | Acolyte |
| 7:18 | Acolyte |
| 7:18 | Acolyte |
| 7:29 | Ghoul |
| 8:02 | Web |
| 8:05 | Nerubian Tower |
| 8:09 | Acolyte |
| 8:27 | Creature Attack |
| 8:39 | Creature Carapace |
| 9:09 | Frost Armor |
| 9:16 | Crypt Fiend |
| 9:28 | Scroll of Town Portal |
| 9:29 | Potion of Healing |
| 9:29 | Potion of Mana |
| 9:34 | Death Coil |
| 10:37 | Crypt Fiend |
| 10:42 | Slaughterhouse |
| 10:44 | Acolyte |
| 10:44 | Acolyte |
| 10:45 | Acolyte |
| 10:45 | Acolyte |
| 10:57 | Improved Creature Attack |
| 10:57 | Improved Creature Carapace |
| 11:12 | Acolyte |
| 11:14 | Crypt Fiend |
| 11:53 | Crypt Fiend |
| 11:53 | Crypt Fiend |
| 12:07 | Obsidian Statue |
| 12:56 | Unholy Aura |
| 13:12 | Ziggurat |
| 13:58 | Crypt Fiend |
| 14:07 | Scroll of Town Portal |
| 14:19 | Black Citadel |
| 15:09 | Burrow |
| 15:35 | Crypt Fiend |
| 15:40 | Crypt Fiend |
| 16:41 | Acolyte |
| 16:42 | Ghoul Frenzy |
| 16:50 | Scroll of Healing |
| 16:53 | Frost Nova |
| 18:26 | Death Pact |
| 18:27 | Crypt Fiend |
| 19:32 | Crypt Fiend |
| 19:35 | Obsidian Statue |
| 20:27 | Crypt Fiend |
| 20:27 | Crypt Fiend |
| 20:55 | Scroll of Town Portal |
| 20:58 | Boots of Speed |
| 21:22 | Necropolis |
| 21:40 | Scroll of Healing |
| 21:40 | Scroll of Healing |
| 22:25 | Crypt Fiend |
| 23:46 | Necropolis |
| 24:08 | Meat Wagon |
| 25:55 | Death Coil |
| 26:00 | Death and Decay |
| 26:21 | Acolyte |
| 29:13 | Acolyte |
| 30:55 | Necropolis |
| 32:32 | Acolyte |
| 32:32 | Acolyte |
| 32:32 | Acolyte |
| 32:32 | Acolyte |
| 32:35 | Ziggurat |
| 32:59 | Unholy Aura |
| 33:21 | Halls of the Dead |
| 33:26 | Nerubian Tower |
| 35:48 | Moon Well |
| 36:29 | Sacrificial Pit |
| 36:31 | Gargoyle |
| 36:31 | Gargoyle |
| 36:38 | Ziggurat |
| 36:47 | Moon Well |
| 37:17 | Staff of Teleportation |
| 37:22 | Scroll of Town Portal |
| 37:23 | Potion of Invisibility |
| 37:24 | Scroll of Healing |
| 37:25 | Scroll of Protection |
| 37:33 | Acolyte |
| 38:42 | Gargoyle |
| 38:42 | Gargoyle |
| 40:44 | Black Citadel |
| 42:23 | Gargoyle |
| 42:23 | Gargoyle |
| 44:57 | Gargoyle |
| 44:58 | Gargoyle |
| 45:02 | Boneyard |
| 45:04 | Boneyard |
| 45:06 | Boneyard |
| 45:07 | Boneyard |
| 45:09 | Boneyard |
| 45:12 | Boneyard |
| 45:14 | Acolyte |
| 46:14 | Frost Wyrm |
| 46:19 | Ziggurat |
| 46:22 | Freezing Breath |
| 47:52 | Necropolis |
| 48:53 | Frost Wyrm |
| 53:32 | Frost Wyrm |
| 54:47 | Ziggurat |
| 55:56 | Nerubian Tower |
| 60:08 | Unholy Aura |
| Right click | 2267 |
| Select group | 1970 |
| Select | 907 |
| Build/train/purchase | 140 |
| Use ability | 84 |
| Assign group | 53 |
| Minimap ping | 29 |
| Misc. action | 19 |
| Resource trade | 14 |
| Item give/drop | 1 |
| Remove unit | 1 |


| Orb of Fire | 1 | 325 |
| Scroll of Town Portal | 1 | 350 |
| total: | 2 | 675g |
| Peasant | 29 | 2175 | / | 0 |
| Sorceress | 5 | 775 | / | 100 |
| Mortar Team | 12 | 2160 | / | 840 |
| Flying Machine | 23 | 2300 | / | 690 |
| Wisp | 7 | 420 | / | 0 |
| total: | 76 | 7830g | / | 1630w |
| Scout Tower | 1 | 30 | / | 20 |
| Farm | 20 | 1600 | / | 400 |
| Altar of Kings | 3 | 540 | / | 150 |
| Town Hall | 3 | 1155 | / | 615 |
| Arcane Vault | 1 | 130 | / | 30 |
| Lumber Mill | 1 | 120 | / | 0 |
| Blacksmith | 1 | 140 | / | 60 |
| Arcane Sanctum | 3 | 450 | / | 420 |
| Workshop | 3 | 420 | / | 420 |
| Keep | 2 | 640 | / | 420 |
| Castle | 2 | 720 | / | 420 |
| total: | 36 | 4585g | / | 2115w |
| 0:07 | Farm |
| 0:21 | Altar of Kings |
| 0:25 | Altar of Kings |
| 0:36 | Peasant |
| 0:49 | Peasant |
| 0:55 | Peasant |
| 1:09 | Peasant |
| 1:10 | Peasant |
| 1:10 | Peasant |
| 1:10 | Peasant |
| 1:11 | Peasant |
| 1:11 | Peasant |
| 1:50 | Peasant |
| 1:56 | Farm |
| 2:31 | Holy Light |
| 3:30 | Keep |
| 4:13 | Town Hall |
| 5:14 | Arcane Vault |
| 5:18 | Farm |
| 5:18 | Farm |
| 5:20 | Farm |
| 5:21 | Farm |
| 5:26 | Peasant |
| 5:26 | Peasant |
| 5:26 | Peasant |
| 5:26 | Peasant |
| 5:27 | Peasant |
| 5:27 | Peasant |
| 5:27 | Peasant |
| 5:33 | Scout Tower |
| 5:38 | Divine Shield |
| 5:54 | Peasant |
| 5:54 | Peasant |
| 5:55 | Peasant |
| 5:55 | Peasant |
| 5:55 | Peasant |
| 5:55 | Peasant |
| 6:00 | Lumber Mill |
| 6:48 | Peasant |
| 6:48 | Peasant |
| 6:48 | Peasant |
| 6:48 | Peasant |
| 6:55 | Arcane Sanctum |
| 7:13 | Blacksmith |
| 7:20 | Peasant |
| 7:21 | Peasant |
| 7:23 | Improved Lumber Harvesting |
| 7:24 | Improved Masonry |
| 7:32 | Summon Water Elemental |
| 7:51 | Arcane Sanctum |
| 7:55 | Arcane Sanctum |
| 8:37 | Workshop |
| 8:39 | Workshop |
| 8:43 | Workshop |
| 8:49 | Castle |
| 9:14 | Town Hall |
| 9:28 | Sorceress Adept Training |
| 9:29 | Sorceress |
| 9:29 | Sorceress |
| 9:29 | Sorceress |
| 9:33 | Devotion Aura |
| 9:47 | Farm |
| 9:48 | Farm |
| 9:48 | Farm |
| 9:49 | Farm |
| 9:50 | Farm |
| 9:51 | Farm |
| 10:08 | Mortar Team |
| 10:22 | Brilliance Aura |
| 10:34 | Mortar Team |
| 11:07 | Mortar Team |
| 11:10 | Sorceress Master Training |
| 11:22 | Black Gunpowder |
| 11:43 | Mortar Team |
| 12:03 | Mortar Team |
| 12:16 | Mortar Team |
| 12:42 | Mortar Team |
| 13:01 | Mortar Team |
| 13:21 | Mortar Team |
| 14:46 | Refined Gunpowder |
| 14:48 | Studded Leather Armor |
| 16:51 | Mortar Team |
| 17:33 | Mortar Team |
| 18:13 | Scroll of Town Portal |
| 18:13 | Orb of Fire |
| 19:13 | Sorceress |
| 19:16 | Sorceress |
| 21:28 | Devotion Aura |
| 22:11 | Farm |
| 22:11 | Farm |
| 22:12 | Farm |
| 22:13 | Farm |
| 22:13 | Farm |
| 22:14 | Farm |
| 22:15 | Farm |
| 22:16 | Farm |
| 22:45 | Brilliance Aura |
| 23:08 | Keep |
| 24:58 | Mortar Team |
| 25:40 | Altar of Kings |
| 26:11 | Devotion Aura |
| 26:14 | Summon Water Elemental |
| 28:26 | Flak Cannons |
| 28:26 | Flying Machine |
| 28:27 | Flying Machine |
| 28:55 | Flying Machine |
| 29:50 | Flying Machine |
| 29:52 | Flying Machine |
| 30:57 | Flying Machine |
| 30:58 | Flying Machine |
| 31:20 | Flying Machine |
| 31:21 | Flying Machine |
| 31:21 | Flying Machine |
| 31:21 | Flying Machine |
| 31:21 | Flying Machine |
| 31:22 | Flying Machine |
| 31:24 | Flying Machine |
| 32:35 | Flying Machine |
| 32:36 | Flying Machine |
| 33:48 | Castle |
| 36:43 | Brilliance Aura |
| 37:31 | Town Hall |
| 38:47 | Wisp |
| 38:47 | Wisp |
| 38:47 | Wisp |
| 38:48 | Wisp |
| 38:48 | Wisp |
| 38:48 | Wisp |
| 38:48 | Wisp |
| 38:54 | Flying Machine Bombs |
| 41:09 | Imbued Gunpowder |
| 50:19 | Flying Machine |
| 50:19 | Flying Machine |
| 50:19 | Flying Machine |
| 50:19 | Flying Machine |
| 50:20 | Flying Machine |
| 50:20 | Flying Machine |
| 50:20 | Flying Machine |
| 60:02 | Resurrection |
| Right click | 823 |
| Select group | 683 |
| Select | 532 |
| Misc. action | 145 |
| Build/train/purchase | 115 |
| Use ability | 29 |
| Assign group | 16 |
| Minimap ping | 8 |
| Remove unit | 5 |
| Resource trade | 4 |
⇛
Guziec
(2)
(62:01) : 

| Scroll of Town Portal | 6 | 2100 |
| Potion of Lesser Invulnerability | 1 | 150 |
| Periapt of Vitality | 1 | 325 |
| Boots of Speed | 1 | 250 |
| Circlet of Nobility | 1 | 175 |
| total: | 10 | 3000g |
| Wisp | 51 | 3060 | / | 0 |
| Archer | 6 | 780 | / | 60 |
| Glaive Thrower | 3 | 630 | / | 195 |
| Huntress | 3 | 585 | / | 60 |
| Dryad | 15 | 2175 | / | 900 |
| total: | 78 | 7230g | / | 1215w |
| Ancient Protector | 6 | 810 | / | 480 |
| Moon Well | 13 | 2340 | / | 520 |
| Altar of Elders | 2 | 360 | / | 100 |
| Ancient of War | 3 | 450 | / | 180 |
| Hunter's Hall | 3 | 630 | / | 300 |
| Ancient of Wonders | 2 | 180 | / | 60 |
| Tree of Life | 25 | 8500 | / | 4625 |
| Ancient of Lore | 2 | 310 | / | 290 |
| Tree of Ages | 3 | 960 | / | 540 |
| Tree of Eternity | 1 | 330 | / | 200 |
| total: | 56 | 13580g | / | 6555w |
| 0:04 | Wisp |
| 0:05 | Wisp |
| 0:10 | Moon Well |
| 0:12 | Wisp |
| 0:18 | Altar of Elders |
| 0:25 | Wisp |
| 0:49 | Ancient of War |
| 0:51 | Wisp |
| 1:01 | Wisp |
| 1:11 | Wisp |
| 1:29 | Moon Well |
| 1:43 | Wisp |
| 1:57 | Ancient of War |
| 2:00 | Archer |
| 2:05 | Wisp |
| 2:29 | Searing Arrows |
| 2:33 | Moon Well |
| 2:34 | Archer |
| 2:54 | Archer |
| 3:00 | Hunter's Hall |
| 3:10 | Wisp |
| 3:20 | Ancient of Wonders |
| 3:31 | Archer |
| 4:14 | Glaive Thrower |
| 4:41 | Trueshot Aura |
| 4:53 | Tree of Ages |
| 4:58 | Moon Armor |
| 5:12 | Huntress |
| 5:31 | Glaive Thrower |
| 5:54 | Huntress |
| 6:09 | Moon Well |
| 6:49 | Moon Well |
| 6:51 | Strength of the Moon |
| 7:03 | Trueshot Aura |
| 7:13 | Huntress |
| 7:16 | Improved Bows |
| 8:20 | Tree of Life |
| 8:32 | Moon Well |
| 8:34 | Improved Moon Armor |
| 9:18 | Black Arrow |
| 9:43 | Ancient of Lore |
| 10:23 | Searing Arrows |
| 10:28 | Glaive Thrower |
| 10:31 | Wisp |
| 10:31 | Wisp |
| 10:31 | Wisp |
| 10:31 | Wisp |
| 10:46 | Scroll of Town Portal |
| 11:01 | Wisp |
| 11:02 | Wisp |
| 11:04 | Wisp |
| 11:23 | Wisp |
| 11:23 | Wisp |
| 11:35 | Reinforced Hides |
| 11:57 | Dryad |
| 12:03 | Ancient of Lore |
| 13:07 | Dryad |
| 13:10 | Strength of the Wild |
| 13:49 | Dryad |
| 13:52 | Archer |
| 13:55 | Moon Well |
| 14:05 | Scroll of Town Portal |
| 14:06 | Scroll of Town Portal |
| 14:14 | Abolish Magic |
| 14:18 | Archer |
| 14:30 | Improved Strength of the Wild |
| 14:43 | Dryad |
| 15:07 | Dryad |
| 15:32 | Dryad |
| 16:45 | Dryad |
| 16:49 | Trueshot Aura |
| 16:54 | Scroll of Town Portal |
| 17:21 | Tree of Life |
| 18:04 | Dryad |
| 18:39 | Silence |
| 18:41 | Dryad |
| 18:42 | Improved Reinforced Hides |
| 19:40 | Dryad |
| 19:40 | Dryad |
| 19:42 | Tree of Eternity |
| 20:37 | Dryad |
| 20:38 | Dryad |
| 21:18 | Dryad |
| 21:29 | Wisp |
| 22:11 | Dryad |
| 22:42 | Starfall |
| 22:59 | Tree of Life |
| 23:02 | Ancient Protector |
| 24:46 | Black Arrow |
| 26:22 | Ancient Protector |
| 26:23 | Wisp |
| 26:23 | Wisp |
| 26:23 | Wisp |
| 26:26 | Wisp |
| 26:26 | Wisp |
| 26:27 | Nature's Blessing |
| 26:39 | Life Drain |
| 27:26 | Ancient Protector |
| 27:30 | Ancient Protector |
| 27:32 | Ancient Protector |
| 27:36 | Ancient Protector |
| 28:53 | Hunter's Hall |
| 31:37 | Searing Arrows |
| 32:02 | Moon Well |
| 32:04 | Moon Well |
| 32:05 | Moon Well |
| 32:07 | Moon Well |
| 32:18 | Moon Well |
| 32:42 | Tree of Ages |
| 33:25 | Moon Well |
| 33:58 | Tree of Life |
| 34:18 | Tree of Life |
| 36:24 | Wisp |
| 36:25 | Wisp |
| 36:28 | Wisp |
| 36:29 | Wisp |
| 36:29 | Wisp |
| 36:35 | Wisp |
| 36:36 | Wisp |
| 36:36 | Wisp |
| 36:41 | Altar of Elders |
| 37:38 | Wisp |
| 37:38 | Wisp |
| 37:41 | Wisp |
| 37:42 | Wisp |
| 39:25 | Ancient of Wonders |
| 41:12 | Tree of Life |
| 41:17 | Tree of Life |
| 41:18 | Tree of Life |
| 41:21 | Tree of Life |
| 41:27 | Tree of Life |
| 41:33 | Wisp |
| 41:33 | Wisp |
| 41:34 | Wisp |
| 41:34 | Wisp |
| 41:34 | Wisp |
| 41:34 | Wisp |
| 41:34 | Wisp |
| 42:41 | Tree of Life |
| 42:53 | Tree of Life |
| 43:37 | Tree of Life |
| 43:47 | Tree of Life |
| 43:57 | Ancient of War |
| 44:00 | Tree of Life |
| 44:07 | Wisp |
| 44:52 | Tree of Life |
| 45:17 | Scroll of Town Portal |
| 45:18 | Potion of Lesser Invulnerability |
| 45:19 | Periapt of Vitality |
| 45:24 | Boots of Speed |
| 45:26 | Scroll of Town Portal |
| 45:28 | Circlet of Nobility |
| 46:43 | Tree of Ages |
| 46:49 | Hunter's Hall |
| 47:49 | Wisp |
| 47:49 | Wisp |
| 47:50 | Wisp |
| 47:50 | Wisp |
| 47:50 | Wisp |
| 47:50 | Wisp |
| 47:58 | Tree of Life |
| 50:34 | Backpack |
| 54:50 | Tree of Life |
| 54:54 | Tree of Life |
| 54:59 | Tree of Life |
| 55:04 | Tree of Life |
| 61:49 | Tree of Life |
| 61:53 | Tree of Life |
| 61:57 | Tree of Life |
| 61:59 | Tree of Life |
| Right click | 1065 |
| Select | 531 |
| Select group | 362 |
| Build/train/purchase | 121 |
| Resource trade | 55 |
| Use ability | 20 |
| Assign group | 16 |
| Minimap ping | 4 |
| Item give/drop | 1 |
| Remove unit | 1 |


| Orb of Venom | 1 | 325 |
| Scroll of Town Portal | 1 | 350 |
| total: | 2 | 675g |
| Wisp | 22 | 1320 | / | 0 |
| Archer | 3 | 390 | / | 30 |
| Huntress | 3 | 585 | / | 60 |
| Chimaera | 6 | 1980 | / | 420 |
| Hippogryph | 5 | 800 | / | 100 |
| total: | 39 | 5075g | / | 610w |
| Altar of Elders | 2 | 360 | / | 100 |
| Moon Well | 7 | 1260 | / | 280 |
| Ancient of War | 1 | 150 | / | 60 |
| Hunter's Hall | 1 | 210 | / | 100 |
| Ancient of Wonders | 1 | 90 | / | 30 |
| Tree of Life | 4 | 1360 | / | 740 |
| Ancient of Wind | 2 | 300 | / | 280 |
| Chimaera Roost | 3 | 420 | / | 570 |
| Tree of Ages | 1 | 320 | / | 180 |
| Tree of Eternity | 1 | 330 | / | 200 |
| total: | 21 | 4150g | / | 2160w |
| 0:05 | Wisp |
| 0:05 | Wisp |
| 0:07 | Altar of Elders |
| 0:10 | Moon Well |
| 0:22 | Wisp |
| 0:24 | Wisp |
| 0:37 | Wisp |
| 0:51 | Ancient of War |
| 0:54 | Wisp |
| 1:06 | Wisp |
| 1:16 | Wisp |
| 1:35 | Wisp |
| 1:40 | Moon Well |
| 1:58 | Archer |
| 2:09 | Force of Nature |
| 2:33 | Archer |
| 2:36 | Moon Well |
| 2:44 | Hunter's Hall |
| 2:48 | Wisp |
| 3:18 | Archer |
| 3:26 | Tree of Ages |
| 3:56 | Ancient of Wonders |
| 3:59 | Huntress |
| 4:46 | Huntress |
| 4:58 | Moon Well |
| 5:51 | Thorns Aura |
| 6:09 | Tree of Life |
| 6:49 | Tree of Eternity |
| 7:32 | Moon Well |
| 7:38 | Huntress |
| 8:40 | Moon Well |
| 8:48 | Mana Burn |
| 9:03 | Wisp |
| 9:03 | Wisp |
| 9:03 | Wisp |
| 9:03 | Wisp |
| 9:03 | Wisp |
| 9:29 | Chimaera Roost |
| 9:32 | Chimaera Roost |
| 9:34 | Chimaera Roost |
| 10:53 | Tree of Life |
| 11:04 | Corrosive Breath |
| 11:15 | Chimaera |
| 11:20 | Wisp |
| 11:21 | Wisp |
| 11:56 | Chimaera |
| 12:20 | Chimaera |
| 13:05 | Chimaera |
| 13:55 | Chimaera |
| 14:25 | Moon Well |
| 15:18 | Force of Nature |
| 15:20 | Wisp |
| 15:20 | Wisp |
| 15:20 | Wisp |
| 15:21 | Wisp |
| 15:22 | Wisp |
| 16:50 | Evasion |
| 17:15 | Chimaera |
| 17:24 | Orb of Venom |
| 18:38 | Strength of the Wild |
| 18:38 | Reinforced Hides |
| 19:41 | Entangling Roots |
| 19:50 | Ancient of Wind |
| 19:52 | Ancient of Wind |
| 21:00 | Hippogryph |
| 21:00 | Hippogryph |
| 21:01 | Hippogryph |
| 21:01 | Hippogryph |
| 22:53 | Hippogryph |
| 23:18 | Scroll of Town Portal |
| 24:13 | Tree of Life |
| 24:25 | Mana Burn |
| 27:07 | Force of Nature |
| 30:07 | Tree of Life |
| 30:10 | Altar of Elders |
| 31:09 | Tranquility |
| Select group | 553 |
| Right click | 465 |
| Select | 394 |
| Build/train/purchase | 62 |
| Assign group | 22 |
| Misc. action | 15 |
| Minimap ping | 14 |
| Use ability | 7 |
| Esc | 1 |
170 units @ 21.4k
/ 2.4k
117 buildings @ 21k
/ 9.9k


| Peasant | 15 | 1125 | / | 0 |
| Footman | 9 | 1215 | / | 0 |
| Rifleman | 14 | 2870 | / | 420 |
| Mortar Team | 1 | 180 | / | 70 |
| Knight | 2 | 490 | / | 120 |
| total: | 41 | 5880g | / | 610w |
| Scout Tower | 15 | 450 | / | 300 |
| Guard Tower | 10 | 700 | / | 500 |
| Arcane Tower | 5 | 350 | / | 250 |
| Altar of Kings | 1 | 180 | / | 50 |
| Farm | 9 | 720 | / | 180 |
| Barracks | 2 | 320 | / | 120 |
| Blacksmith | 1 | 140 | / | 60 |
| Lumber Mill | 1 | 120 | / | 0 |
| Town Hall | 2 | 770 | / | 410 |
| Workshop | 1 | 140 | / | 140 |
| Keep | 1 | 320 | / | 210 |
| Castle | 1 | 360 | / | 210 |
| total: | 32 | 2840g | / | 1260w |
| 0:10 | Peasant |
| 0:11 | Peasant |
| 0:16 | Altar of Kings |
| 0:21 | Farm |
| 0:31 | Barracks |
| 0:48 | Peasant |
| 1:08 | Farm |
| 1:10 | Peasant |
| 1:31 | Peasant |
| 1:34 | Footman |
| 2:00 | Blacksmith |
| 2:06 | Peasant |
| 2:13 | Farm |
| 2:29 | Footman |
| 2:44 | Lumber Mill |
| 3:10 | Holy Light |
| 3:30 | Barracks |
| 3:32 | Rifleman |
| 3:39 | Farm |
| 3:42 | Peasant |
| 3:46 | Iron Forged Swords |
| 3:50 | Black Gunpowder |
| 4:10 | Rifleman |
| 4:14 | Peasant |
| 4:29 | Peasant |
| 4:49 | Rifleman |
| 5:04 | Farm |
| 5:11 | Rifleman |
| 6:11 | Footman |
| 6:23 | Town Hall |
| 6:46 | Scout Tower |
| 6:52 | Rifleman |
| 6:55 | Peasant |
| 7:04 | Peasant |
| 7:16 | Farm |
| 7:20 | Guard Tower |
| 7:24 | Scout Tower |
| 7:33 | Scout Tower |
| 7:47 | Divine Shield |
| 7:58 | Guard Tower |
| 8:04 | Scout Tower |
| 8:06 | Guard Tower |
| 8:13 | Farm |
| 8:17 | Rifleman |
| 8:18 | Rifleman |
| 8:35 | Farm |
| 8:44 | Arcane Tower |
| 8:52 | Scout Tower |
| 9:00 | Scout Tower |
| 9:08 | Improved Masonry |
| 9:12 | Keep |
| 9:25 | Scout Tower |
| 9:29 | Guard Tower |
| 9:37 | Scout Tower |
| 9:40 | Guard Tower |
| 9:55 | Guard Tower |
| 10:01 | Scout Tower |
| 10:14 | Arcane Tower |
| 10:25 | Peasant |
| 10:25 | Peasant |
| 10:40 | Iron Plating |
| 10:41 | Studded Leather Armor |
| 11:31 | Arcane Tower |
| 11:34 | Rifleman |
| 11:37 | Defend |
| 11:41 | Long Rifles |
| 13:20 | Scout Tower |
| 13:27 | Rifleman |
| 13:30 | Rifleman |
| 13:44 | Workshop |
| 14:05 | Footman |
| 14:06 | Footman |
| 14:23 | Guard Tower |
| 14:27 | Scout Tower |
| 14:33 | Summon Water Elemental |
| 14:54 | Mortar Team |
| 15:07 | Arcane Tower |
| 15:21 | Peasant |
| 15:21 | Peasant |
| 16:07 | Town Hall |
| 16:58 | Farm |
| 18:45 | Footman |
| 18:46 | Footman |
| 18:51 | Castle |
| 19:36 | Footman |
| 19:39 | Rifleman |
| 20:07 | Scout Tower |
| 20:10 | Scout Tower |
| 20:55 | Guard Tower |
| 20:57 | Guard Tower |
| 21:00 | Scout Tower |
| 21:05 | Scout Tower |
| 21:42 | Divine Shield |
| 22:00 | Arcane Tower |
| 22:02 | Guard Tower |
| 22:15 | Knight |
| 22:17 | Sundering Blades |
| 22:17 | Animal War Training |
| 22:20 | Rifleman |
| 22:21 | Knight |
| 22:26 | Steel Forged Swords |
| 22:26 | Refined Gunpowder |
| 23:04 | Steel Plating |
| 24:39 | Rifleman |
| 24:42 | Rifleman |
| 25:24 | Footman |
| Select | 232 |
| Right click | 150 |
| Build/train/purchase | 81 |
| Select group | 21 |
| Use ability | 11 |
| Assign group | 8 |
| Chat | 6 |



| Acolyte | 7 | 525 | / | 0 |
| Ghoul | 7 | 840 | / | 0 |
| Frost Wyrm | 8 | 3080 | / | 960 |
| total: | 22 | 4445g | / | 960w |
| Graveyard | 2 | 430 | / | 0 |
| Altar of Darkness | 2 | 360 | / | 100 |
| Ziggurat | 16 | 2400 | / | 800 |
| Crypt | 2 | 400 | / | 100 |
| Necropolis | 1 | 225 | / | 0 |
| Tomb of Relics | 1 | 130 | / | 30 |
| Sacrificial Pit | 1 | 75 | / | 150 |
| Slaughterhouse | 1 | 140 | / | 135 |
| Boneyard | 3 | 525 | / | 600 |
| Halls of the Dead | 2 | 640 | / | 420 |
| Black Citadel | 2 | 650 | / | 460 |
| total: | 29 | 4685g | / | 1915w |
| 0:04 | Acolyte |
| 0:04 | Acolyte |
| 0:09 | Graveyard |
| 0:17 | Altar of Darkness |
| 0:34 | Ziggurat |
| 0:56 | Crypt |
| 1:59 | Ghoul |
| 1:59 | Ghoul |
| 1:59 | Ghoul |
| 1:59 | Ghoul |
| 2:23 | Carrion Beetles |
| 2:46 | Halls of the Dead |
| 3:22 | Ziggurat |
| 4:42 | Spiked Carapace |
| 5:10 | Black Citadel |
| 5:36 | Sacrificial Pit |
| 5:40 | Slaughterhouse |
| 5:43 | Ziggurat |
| 6:09 | Death Coil |
| 7:35 | Boneyard |
| 7:36 | Boneyard |
| 7:37 | Boneyard |
| 7:43 | Spiked Carapace |
| 7:53 | Unholy Aura |
| 8:08 | Acolyte |
| 8:13 | Creature Attack |
| 8:13 | Creature Carapace |
| 8:57 | Frost Wyrm |
| 9:11 | Ziggurat |
| 9:12 | Ziggurat |
| 9:13 | Ziggurat |
| 9:14 | Ziggurat |
| 9:39 | Vampiric Aura |
| 10:28 | Frost Wyrm |
| 10:36 | Acolyte |
| 10:37 | Acolyte |
| 10:37 | Acolyte |
| 10:37 | Acolyte |
| 11:19 | Frost Wyrm |
| 11:40 | Improved Creature Attack |
| 12:12 | Frost Wyrm |
| 12:41 | Frost Wyrm |
| 13:18 | Improved Creature Carapace |
| 13:19 | Advanced Creature Attack |
| 14:02 | Ziggurat |
| 14:37 | Freezing Breath |
| 14:55 | Frost Wyrm |
| 15:39 | Ziggurat |
| 15:40 | Ziggurat |
| 16:41 | Necropolis |
| 16:43 | Altar of Darkness |
| 16:47 | Graveyard |
| 17:03 | Unholy Aura |
| 17:22 | Ziggurat |
| 17:22 | Ziggurat |
| 17:23 | Ziggurat |
| 17:23 | Ziggurat |
| 17:27 | Ziggurat |
| 17:27 | Ziggurat |
| 18:27 | Crypt |
| 18:29 | Ghoul |
| 18:29 | Ghoul |
| 18:29 | Ghoul |
| 19:13 | Carrion Swarm |
| 19:25 | Carrion Beetles |
| 19:27 | Carrion Beetles |
| 20:01 | Carrion Beetles |
| 20:49 | Halls of the Dead |
| 20:57 | Tomb of Relics |
| 23:02 | Frost Wyrm |
| 23:10 | Black Citadel |
| 23:21 | Frost Wyrm |
| Right click | 354 |
| Select | 287 |
| Build/train/purchase | 54 |
| Use ability | 13 |
| Remove unit | 1 |



| Orb of Venom | 1 | 325 |
| Scroll of Town Portal | 2 | 700 |
| total: | 3 | 1025g |
| Wisp | 17 | 1020 | / | 0 |
| Archer | 19 | 2470 | / | 190 |
| total: | 36 | 3490g | / | 190w |
| Ancient of War | 2 | 300 | / | 120 |
| Altar of Elders | 1 | 180 | / | 50 |
| Moon Well | 10 | 1800 | / | 400 |
| Hunter's Hall | 2 | 420 | / | 200 |
| Ancient of Wonders | 1 | 90 | / | 30 |
| Tree of Life | 3 | 1020 | / | 555 |
| Tree of Ages | 1 | 320 | / | 180 |
| Tree of Eternity | 1 | 330 | / | 200 |
| total: | 19 | 3810g | / | 1355w |
| 0:09 | Ancient of War |
| 0:15 | Altar of Elders |
| 0:19 | Moon Well |
| 0:25 | Wisp |
| 0:40 | Wisp |
| 0:55 | Wisp |
| 1:30 | Wisp |
| 1:32 | Wisp |
| 1:34 | Archer |
| 1:54 | Wisp |
| 1:55 | Wisp |
| 1:59 | Archer |
| 2:22 | Moon Well |
| 2:36 | Trueshot Aura |
| 3:16 | Archer |
| 3:17 | Archer |
| 3:37 | Hunter's Hall |
| 3:41 | Archer |
| 3:47 | Tree of Ages |
| 4:40 | Strength of the Moon |
| 4:44 | Moon Well |
| 5:18 | Searing Arrows |
| 5:21 | Archer |
| 5:23 | Archer |
| 5:29 | Ultravision |
| 5:33 | Moon Armor |
| 5:39 | Archer |
| 6:01 | Archer |
| 6:45 | Improved Bows |
| 7:03 | Nature's Blessing |
| 7:03 | Wisp |
| 7:11 | Force of Nature |
| 7:16 | Archer |
| 7:55 | Moon Well |
| 8:00 | Moon Well |
| 8:01 | Moon Well |
| 8:42 | Tree of Eternity |
| 9:35 | Trueshot Aura |
| 9:49 | Thorns Aura |
| 10:31 | Improved Strength of the Moon |
| 10:33 | Improved Moon Armor |
| 10:37 | Archer |
| 10:38 | Archer |
| 10:39 | Archer |
| 10:40 | Archer |
| 11:49 | Advanced Strength of the Moon |
| 12:02 | Marksmanship |
| 12:25 | Ancient of Wonders |
| 13:10 | Archer |
| 13:11 | Archer |
| 13:34 | Scroll of Town Portal |
| 13:34 | Scroll of Town Portal |
| 14:16 | Fan of Knives |
| 14:18 | Archer |
| 14:19 | Archer |
| 14:43 | Advanced Moon Armor |
| 15:03 | Tree of Life |
| 15:18 | Orb of Venom |
| 15:37 | Wisp |
| 15:37 | Wisp |
| 15:37 | Wisp |
| 15:38 | Wisp |
| 15:38 | Wisp |
| 16:10 | Searing Arrows |
| 16:13 | Entangling Roots |
| 16:40 | Tree of Life |
| 16:44 | Archer |
| 18:41 | Wisp |
| 18:43 | Wisp |
| 18:43 | Wisp |
| 21:13 | Tree of Life |
| 22:26 | Ancient of War |
| 23:51 | Hunter's Hall |
| 24:25 | Wisp |
| 24:32 | Moon Well |
| 24:37 | Moon Well |
| 24:41 | Moon Well |
| 24:47 | Moon Well |
| Right click | 432 |
| Select | 299 |
| Chat | 173 |
| Build/train/purchase | 66 |
| Misc. action | 10 |
| Use ability | 6 |
| Item give/drop | 2 |

| Potion of Healing | 1 | 150 |
| Orb of Venom | 1 | 325 |
| Anti-magic Potion | 1 | 100 |
| Scroll of Town Portal | 7 | 2450 |
| Scroll of Healing | 2 | 500 |
| Boots of Speed | 1 | 250 |
| Staff of Teleportation | 1 | 150 |
| Circlet of Nobility | 1 | 175 |
| Periapt of Vitality | 1 | 325 |
| total: | 16 | 4425g |
| Wisp | 44 | 2640 | / | 0 |
| Archer | 10 | 1300 | / | 100 |
| Hippogryph | 11 | 1760 | / | 220 |
| Chimaera | 5 | 1650 | / | 350 |
| Forest Troll Shadow Priest | 1 | 195 | / | 10 |
| total: | 71 | 7545g | / | 680w |
| Altar of Elders | 1 | 180 | / | 50 |
| Moon Well | 5 | 900 | / | 200 |
| Ancient of War | 2 | 300 | / | 120 |
| Tree of Life | 21 | 7140 | / | 3885 |
| Hunter's Hall | 1 | 210 | / | 100 |
| Ancient of Wonders | 1 | 90 | / | 30 |
| Ancient of Wind | 2 | 300 | / | 280 |
| Ancient of Lore | 2 | 310 | / | 290 |
| Chimaera Roost | 2 | 280 | / | 380 |
| Tree of Ages | 3 | 960 | / | 540 |
| Tree of Eternity | 1 | 330 | / | 200 |
| total: | 37 | 9710g | / | 5335w |
| 0:04 | Altar of Elders |
| 0:05 | Moon Well |
| 0:05 | Wisp |
| 0:20 | Wisp |
| 0:23 | Ancient of War |
| 0:29 | Wisp |
| 0:42 | Wisp |
| 0:52 | Wisp |
| 1:05 | Wisp |
| 1:13 | Wisp |
| 1:25 | Archer |
| 1:27 | Wisp |
| 1:40 | Moon Well |
| 1:49 | Archer |
| 1:49 | Archer |
| 2:13 | Mana Burn |
| 2:33 | Archer |
| 2:48 | Wisp |
| 2:49 | Wisp |
| 2:53 | Tree of Life |
| 3:17 | Archer |
| 3:20 | Wisp |
| 3:46 | Tree of Ages |
| 4:01 | Archer |
| 4:21 | Evasion |
| 4:52 | Moon Well |
| 4:53 | Hunter's Hall |
| 5:07 | Wisp |
| 5:08 | Wisp |
| 5:08 | Wisp |
| 5:08 | Wisp |
| 5:08 | Wisp |
| 5:54 | Ancient of War |
| 6:18 | Wisp |
| 6:18 | Wisp |
| 6:20 | Ancient of Wonders |
| 6:30 | Improved Bows |
| 6:37 | Ancient of Wind |
| 6:40 | Ancient of Wind |
| 6:42 | Wisp |
| 6:42 | Wisp |
| 7:01 | Wisp |
| 7:04 | Wisp |
| 7:43 | Mana Burn |
| 7:50 | Hippogryph |
| 7:52 | Tree of Eternity |
| 8:07 | Strength of the Moon |
| 8:11 | Archer |
| 8:23 | Hippogryph |
| 8:35 | Tree of Life |
| 8:50 | Moon Well |
| 9:18 | Hippogryph |
| 9:51 | Archer |
| 10:37 | Potion of Healing |
| 10:39 | Scroll of Town Portal |
| 10:45 | Hippogryph |
| 10:46 | Archer |
| 10:54 | Wisp |
| 10:55 | Wisp |
| 10:59 | Wisp |
| 10:59 | Wisp |
| 10:59 | Wisp |
| 11:00 | Wisp |
| 11:00 | Wisp |
| 11:02 | Orb of Venom |
| 11:04 | Anti-magic Potion |
| 11:12 | Hippogryph |
| 11:28 | Improved Strength of the Moon |
| 12:05 | Evasion |
| 12:18 | Archer |
| 12:20 | Hippogryph |
| 12:47 | Moon Armor |
| 14:10 | Wisp |
| 14:15 | Chimaera Roost |
| 14:18 | Chimaera Roost |
| 14:19 | Improved Moon Armor |
| 14:25 | Scroll of Town Portal |
| 14:28 | Boots of Speed |
| 15:33 | Mana Burn |
| 15:47 | Corrosive Breath |
| 16:04 | Advanced Strength of the Moon |
| 16:48 | Metamorphosis |
| 17:24 | Scroll of Town Portal |
| 17:30 | Chimaera |
| 17:30 | Chimaera |
| 17:31 | Hippogryph |
| 17:32 | Hippogryph |
| 17:32 | Hippogryph |
| 18:24 | Hippogryph |
| 18:24 | Hippogryph |
| 18:38 | Scroll of Town Portal |
| 19:09 | Moon Well |
| 19:40 | Tree of Ages |
| 19:42 | Tree of Life |
| 19:59 | Evasion |
| 21:03 | Tree of Life |
| 21:08 | Chimaera |
| 22:21 | Scroll of Town Portal |
| 22:54 | Strength of the Wild |
| 23:26 | Immolation |
| 23:51 | Chimaera |
| 23:55 | Scroll of Town Portal |
| 25:30 | Chimaera |
| 26:29 | Tree of Ages |
| 26:41 | Ancient of Lore |
| 26:43 | Ancient of Lore |
| 27:30 | Tree of Life |
| 27:34 | Tree of Life |
| 27:44 | Wisp |
| 27:44 | Wisp |
| 28:36 | Tree of Life |
| 28:41 | Tree of Life |
| 28:49 | Wisp |
| 28:50 | Tree of Life |
| 30:56 | Scroll of Town Portal |
| 30:58 | Immolation |
| 31:22 | Tree of Life |
| 33:01 | Scroll of Healing |
| 33:03 | Staff of Teleportation |
| 33:05 | Circlet of Nobility |
| 33:09 | Periapt of Vitality |
| 34:09 | Immolation |
| 35:34 | Forest Troll Shadow Priest |
| 36:27 | Scroll of Healing |
| 36:56 | Wisp |
| 37:28 | Tree of Life |
| 38:23 | Wisp |
| 39:08 | Tree of Life |
| 42:25 | Wisp |
| 42:26 | Wisp |
| 42:27 | Wisp |
| 42:27 | Wisp |
| 43:06 | Tree of Life |
| 43:26 | Tree of Life |
| 50:43 | Wisp |
| 50:56 | Wisp |
| 50:56 | Wisp |
| 51:10 | Tree of Life |
| 51:16 | Tree of Life |
| 51:25 | Tree of Life |
| 51:32 | Wisp |
| 52:06 | Tree of Life |
| 52:12 | Tree of Life |
| 52:53 | Tree of Life |
| 53:35 | Wisp |
| 54:14 | Tree of Life |
| Right click | 4968 |
| Select group | 1443 |
| Select | 1071 |
| Misc. action | 362 |
| Chat | 316 |
| Build/train/purchase | 153 |
| Use ability | 129 |
| Assign group | 35 |
| Esc | 10 |
| Minimap ping | 9 |
| Item give/drop | 5 |